 Dungeon Crawl Stone Soup version 0.28.0-53-g5a82cb258f (webtiles) character file.

Game seed: 15691022433783132603

84653 Peloso the Fencer (level 15, -6/139 (141) HPs)
             Began as a Minotaur Fighter on May 26, 2022.
             Was the Champion of Okawaru.
             Killed from afar by a raiju (19 damage)
             ... with a living lightning
             ... on level 2 of the Abyss.
             The game lasted 00:58:05 (25863 turns).

Peloso the Fencer (Minotaur Fighter)               Turns: 25863, Time: 00:58:05

HP:   -6/139 (141)  AC: 28    Str: 26    XL:     15   Next: 35%
MP:   15/16         EV: 15    Int:  5    God:    Okawaru [******]
Gold: 1902          SH: 14    Dex: 12    Spells: 14/14 levels left

rFire   + . .      SeeInvis +   a - +5 falchion (flame)
rCold   + + .      Faith    .   c - +0 kite shield
rNeg    + . .      Spirit   .   d - +2 pearl dragon scales "Alofican" {rF+ rC++ rN+ rCorr Slay+2}
rPois   .          Reflect  .   (helmet restricted)
rElec   .          Harm     .   (no cloak)
rCorr   +          Rampage  .   D - +2 pair of gloves
Will    ++...                   p - +2 pair of boots {Fly}
Stlth   ++........              B - amulet of regeneration
HPRegen 0.00/turn               o - ring of willpower
MPRegen 0.15/turn               C - ring of see invisible

@: heroic, sick, flying, lightly drained
A: horns 2, retaliatory headbutt
a: Renounce Religion, Heroism, Finesse, Duel


You were on level 2 of the Abyss.
You worshipped Okawaru.
Okawaru was exalted by your worship.
You visited 4 branches of the dungeon, and saw 22 of its levels.
You visited the Abyss 1 time.
You also visited: Bailey.

You collected 2600 gold pieces.
You spent 698 gold pieces at shops.

Inventory:

Hand Weapons
 a - a +5 falchion of flaming (weapon)
 b - a +4 scimitar of flaming
 N - a +2 demon blade of pain
Armour
 c - a +0 kite shield (worn)
 d - the +2 pearl dragon scales "Alofican" (worn) {rF+ rC++ rN+ rCorr Slay+2}
   (You took it off a goblin in a bailey)

   Slay:      It affects your accuracy & damage with ranged weapons and melee
   (+2).
   rF:        It protects you from fire.
   rC:        It greatly protects you from cold.
   rN:        It protects you from negative energy.
   rCorr:     It protects you from acid and corrosion.
 l - a +4 plate armour of poison resistance
 n - the -5 hat of Irghi {rN++ rCorr Dex+4}
   (You found it on level 1 of the Orcish Mines)

   Dex:       It affects your dexterity (+4).
   rN:        It greatly protects you from negative energy.
   rCorr:     It protects you from acid and corrosion.
 p - a +2 pair of boots of flying (worn)
 D - a +2 pair of gloves (worn)
Jewellery
 e - a ring of flight
 j - the amulet of the Four Winds {rN+ Will+++ Clar}
   (You bought it in a shop on level 2 of the Orcish Mines)

   [amulet of nothing]

   rN:        It protects you from negative energy.
   Clar:      It protects you against confusion.
   Will:      It greatly increases your willpower.
 o - a ring of willpower (left hand)
 B - an amulet of regeneration (around neck)
 C - a ring of see invisible (right hand)
 K - a +4 ring of protection
 Q - a ring of poison resistance
Wands
 t - a wand of digging (4)
 x - a wand of mindburst (3)
 y - a wand of iceblast (33)
 J - a wand of flame (19)
Scrolls
 f - 3 scrolls of teleportation
 h - 2 scrolls of identify
 i - a scroll of blinking
 k - 4 scrolls of fog
 r - 4 scrolls of noise
 s - 4 scrolls of holy word
 u - 4 scrolls of summoning
 v - 2 scrolls of amnesia
 E - 4 scrolls of immolation {unknown}
 F - a scroll of vulnerability {unknown}
 G - 3 scrolls of enchant armour
 H - 3 scrolls of fear
 O - 2 scrolls of magic mapping
 S - a scroll of brand weapon
Potions
 g - 2 potions of ambrosia
 m - 2 potions of curing
 q - 7 potions of flight
 w - 4 potions of haste
 z - a potion of cancellation
 A - 2 potions of mutation
 I - a potion of might
 L - 2 potions of brilliance
 W - a potion of resistance
Miscellaneous
 M - a phial of floods
 U - a lightning rod (4/4)


   Skills:
 + Level 15.5(20.5) Fighting
 + Level 18.1(23.1) Long Blades
 + Level 15.1(20.1) Armour
 + Level 9.6(14.6) Dodging
 + Level 3.4(8.4) Stealth
 + Level 14.1(19.1) Shields
 + Level 3.3 Invocations
 + Level 0.3 Evocations


You had 14 spell levels left.
You didn't know any spells.
Your spell library contained the following spells:

 Spells                   Type           Power      Damage    Failure   Level
 Sting                    Tmut/Pois      0%         1d3       80%         1
 Ensorcelled Hibernation  Hex/Ice        0%         N/A       91%         2
 Poisonous Vapours        Pois/Air       0%         N/A       91%         2
 Confusing Touch          Hex            0%         N/A       99%         3
 Spider Form              Tmut/Pois      0%         N/A       99%         3
 Stone Arrow              Conj/Erth      0%         3d7       99%         3
 Anguish                  Hex/Necr       0%         N/A       100%        4
 Iskenderun's Mystic Bla  Conj/Tloc      0%         2d3       100%        4
 Olgreb's Toxic Radiance  Pois           0%         N/A       100%        4
 Passage of Golubria      Tloc           0%         N/A       100%        4
 Yara's Violent Unravell  Hex/Tmut       0%         3d3       100%        5
 Enfeeble                 Hex            0%         N/A       100%        7
 Storm Form               Tmut/Air       0%         N/A       100%        7
 Maxwell's Capacitive Co  Air            0%         ∞         100%        8
 Chain Lightning          Conj/Air       0%         N/A       100%        9
 Tukima's Dance           Hex            Unusable   N/A       N/A         3
 Animate Dead             Necr           Unusable   N/A       N/A         4
 Summon Lightning Spire   Summ/Air       Unusable   N/A       N/A         4

Dungeon Overview and Level Annotations

Branches:
Dungeon (15/15)            Temple (1/1) D:5            Lair (4/6) D:11
  Swamp (0/4) Lair:3       Spider (0/4) Lair:3          Orc (2/2) D:11
    Elf (0/3) Orc:2        Vaults (0/5) D:13         Bailey (visited)
 Depths: D:15

Altars:
Ashenzari
Cheibriados
Elyvilon
Fedhas
Gozag
Hepliaklqana
Okawaru
Ru
Sif Muna
Trog
Uskayaw
Vehumet
The Shining One

Shops:
D:4 *   D:6 (   Orc:2 (?[*=

Portals:
Pandemonium: Orc:2

Annotations:
D:11 Dig
D:15 Louise
Lair:4 Casa


Innate Abilities, Weirdness & Mutations

You have a pair of horns on your head.
You reflexively headbutt those who attack you in melee.


Message History

You hit the orc sorcerer. You burn the orc sorcerer.
The orc sorcerer is heavily wounded.
Your resistance to elements expires.
You block the orc sorcerer's attack.
Unknown command.
The orc sorcerer hits you but does no damage.
You slash the orc sorcerer! You burn the orc sorcerer.
The orc sorcerer is severely wounded.
The orc sorcerer casts a spell at you. The bolt of fire misses you.
Unknown command.
You slice the orc sorcerer!! You burn the orc sorcerer.
You kill the orc sorcerer!
That felt strangely unrewarding.
Unknown command.
You slash the ynoxinul! You burn the ynoxinul.
Your headbutt misses the ynoxinul.
The ynoxinul is moderately wounded.
You block the ynoxinul's attack.
The soul eater draws from the surrounding life force!
* * * LOW HITPOINT WARNING * * *
You block the ufetubus's attack. The ufetubus misses you.
You hit the ynoxinul. You burn the ynoxinul. You headbutt the ynoxinul!
You kill the ynoxinul!
That felt strangely unrewarding.
The ufetubus disappears in a puff of smoke! x3
Unknown command.
You slash the raiju! You burn the raiju. Your headbutt misses the raiju.
The raiju is moderately wounded.
You block the raiju's attack.
Unknown command.
You slash the raiju! You burn the raiju. You headbutt the raiju!
The raiju is severely wounded.
Unknown command.
You closely miss the raiju.
The raiju is severely wounded.
You block the small abomination's attack.
The raiju bursts into living lightning!
The living lightning hits you!!
You die...

# .. . .. #.#
.# .# #.# . . #
#.# ### . # #3#
. # #. . #.
#.#. # ###.#3#
#.# .# .#
###....x###.##.
#.
.......h@...# .
#.
.##.##.###..#
.# . #.. ..## .
#.. ..# .##..
#.. #... ....
... #. #... .
.#.. .# ## #
.### # # #.


You could see a soul eater, a raiju and a small abomination.

Vanquished Creatures
  A tentacled starspawn (Abyss:2)
  An orc warlord (Orc:1)
  A stone giant (D:13)
  The ghost of Ifrygg the Martial Artist, a journeyman DsMo of Uskayaw (Orc:1)
  6 hydras
  4 vault guards (D:13)
  4 centaur warriors
  A boulder beetle (D:14)
  7 two-headed ogres
  2 death knights
  2 ogre magi (D:13)
  3 demonspawn (Orc:2)
  Erica (Lair:2)
  6 orc high priests (Orc:2)
  2 hell knights (Abyss:2)
  2 skeletal warriors (D:13)
  A deep elf archer (D:13)
  An anaconda zombie (Abyss:2)
  A phantasmal warrior (D:14)
  Pikel (D:6)
  A deep elf pyromancer (D:15)
  12 orc knights
  A necromancer (Abyss:2)
  9 orc sorcerers
  5 oklob plants (Lair:1)
  7 ugly things
  A manticore (D:13)
  7 cyclopes
  A guardian serpent (D:11)
  A moth of wrath (Orc:1)
  8 black mambas
  A black mamba (shapeshifter) (D:14)
  2 unseen horrors (D:13)
  8 cane toads
  An orange demon (Abyss:2)
  2 gargoyles (D:13)
  A large abomination (Abyss:2)
  3 freezing wraiths (D:14)
  3 rime drakes
  5 komodo dragons
  2 yaktaurs (D:13)
  An efreet (D:13)
  An ice devil (Orc:2)
  An ancient zyme (Abyss:2)
  9 meliai
  A hornet (D:9)
  A wind drake (shapeshifter) (D:15)
  A polar bear (Lair:4)
  4 trolls
  Grinder (D:4)
  23 blink frogs
  A shadow (D:11)
  A vampire (D:12)
  2 ynoxinuls
  4 wraiths
  3 water elementals (D:15)
  3 wyverns
  51 yaks
  9 basilisks
  6 vampire mosquitoes (D:13)
  2 redbacks (Lair:3)
  2 chaos spawn (Orc:2)
  4 wargs
  2 acid dragons
  2 water moccasins (Lair:1)
  36 orc warriors
  2 ice beasts (D:5)
  2 black bears
  A necrophage (D:5)
  A starcursed mass (Abyss:2)
  12 ogres
  6 wolves
  10 centaurs
  2 phantoms (D:11)
  2 kobold brigands
  21 bullfrogs
  A gnoll sergeant (D:12)
  2 scorpions
  A water moccasin zombie (D:5)
  A small abomination (Abyss:2)
  10 killer bees
  3 wights (D:6)
  6 bullfrog zombies
  8 howler monkeys
  3 centaur zombies
  2 hounds
  4 jellies
  2 centaur skeletons
  24 orc priests
  2 gnoll shamans
  4 iguanas
  10 orc wizards
  2 hell rats (Lair:4)
  2 killer bee zombies
  6 ogre zombies (D:11)
  A hound zombie (D:5)
  A hound skeleton (D:5)
  A howler monkey zombie (D:10)
  13 adders
  2 howler monkey skeletons
  5 river rats (Lair:4)
  13 gnolls
  2 shadow imps (D:6)
  An ufetubus (D:5)
  An adder zombie (D:5)
  2 worms
  A dart slug (D:4)
  73 orcs
  7 endoplasms
  2 giant cockroaches
  10 goblins
  5 hobgoblins
  3 jackals (D:4)
  22 kobolds
  5 quokkas
  3 ball pythons
  3 bats (D:1)
  2 frilled lizards
  A goblin zombie (D:11)
  A hobgoblin skeleton (D:11)
  3 hobgoblin zombies (D:11)
  2 orc skeletons (D:11)
  12 orc zombies
  4 rats
653 creatures vanquished.

Vanquished Creatures (others)
  13 fungi
  52 plants
  2 starspawn tentacles (Abyss:2)
  2 withered plants (D:5)
69 creatures vanquished.

Grand Total: 722 creatures vanquished

Notes
Turn   | Place    | Note
-------+----------+-------------------------------------------
     0 | D:1      | Peloso the Minotaur Fighter began the quest for the Orb.
     0 | D:1      | Reached XP level 1. HP: 19/19 MP: 0/0
   241 | D:1      | Reached XP level 2. HP: 25/27 MP: 1/1
   769 | D:2      | Reached skill level 1 in Dodging
   834 | D:2      | Reached XP level 3. HP: 33/33 MP: 2/2
   853 | D:2      | Reached skill level 3 in Long Blades
  1000 | D:2      | Reached XP level 4. HP: 20/40 MP: 3/3
  2273 | D:3      | Reached XP level 5. HP: 47/47 MP: 4/4
  2784 | D:4      | Noticed Grinder
  2803 | D:4      | Killed Grinder
  2804 | D:4      | Reached skill level 4 in Long Blades
  2804 | D:4      | Reached skill level 5 in Armour
  2804 | D:4      | Reached XP level 6. HP: 17/53 MP: 5/5
  3040 | D:4      | Reached skill level 5 in Long Blades
  3227 | D:4      | Found Telidd's General Store.
  3806 | D:5      | Entered Level 5 of the Dungeon
  3821 | D:5      | Reached skill level 5 in Shields
  3940 | D:5      | Reached skill level 5 in Fighting
  3940 | D:5      | Reached XP level 7. HP: 59/61 MP: 6/6
  4128 | D:5      | Reached skill level 6 in Long Blades
  4907 | D:5      | Reached skill level 7 in Long Blades
  4907 | D:5      | Reached XP level 8. HP: 62/69 MP: 7/7
  5029 | D:5      | Found a staircase to the Ecumenical Temple.
  5066 | Temple   | Entered the Ecumenical Temple
  5420 | Temple   | Became a worshipper of Warmaster Okawaru
  5733 | D:6      | Reached skill level 8 in Long Blades
  5780 | D:6      | Found a glowing golden altar of the Shining One.
  6266 | D:6      | Reached * piety under Okawaru
  6757 | D:6      | Found Wockolaagiq's Weapon Shop.
  6971 | D:6      | Reached skill level 1 in Stealth
  7530 | D:7      | Noticed Pikel
  7549 | D:6      | Killed Pikel
  7549 | D:6      | Reached ** piety under Okawaru
  7550 | D:6      | Reached skill level 9 in Long Blades
  7550 | D:6      | Reached XP level 9. HP: 52/78 MP: 8/8
  7835 | D:7      | Found a transporter.
  8368 | D:7      | Reached skill level 10 in Long Blades
  8651 | D:7      | Found a transporter.
  9959 | D:9      | Found a flagged portal.
  9982 | Bailey   | Entered a bailey
 10256 | Bailey   | Noticed an orc knight
 10256 | Bailey   | Noticed an orc knight
 10256 | Bailey   | Identified the +2 pearl dragon scales "Alofican" {rF+ rC++
                  | rN+ rCorr Slay+2}
 10264 | Bailey   | Killed an orc knight
 10264 | Bailey   | Reached *** piety under Okawaru
 10265 | Bailey   | Reached skill level 10 in Armour
 10272 | Bailey   | Killed an orc knight
 10273 | Bailey   | Reached skill level 11 in Long Blades
 10273 | Bailey   | Reached XP level 10. HP: 40/86 MP: 7/9
 10343 | Bailey   | Identified the +1 leather armour of Biboil {rPois}
 10579 | D:9      | Reached **** piety under Okawaru
 10675 | D:9      | Reached skill level 12 in Long Blades
 10904 | D:9      | Reached ***** piety under Okawaru
 11249 | D:9      | Reached skill level 13 in Long Blades
 11302 | D:10     | Entered Level 10 of the Dungeon
 11343 | D:10     | Reached XP level 11. HP: 95/95 MP: 10/10
 11635 | D:10     | Noticed a two-headed ogre
 11644 | D:10     | Killed a two-headed ogre
 11644 | D:10     | Received a gift from Okawaru
 11728 | D:10     | Noticed a two-headed ogre
 11735 | D:10     | Killed a two-headed ogre
 12439 | D:11     | Reached skill level 14 in Long Blades
 12439 | D:11     | Reached skill level 5 in Dodging
 12473 | D:11     | Found a staircase to the Lair.
 12635 | D:11     | Reached skill level 1 in Invocations
 12636 | D:11     | Found a staircase to the Orcish Mines.
 12766 | D:11     | You are sucked into a shaft and drop 2 floors!
 12877 | D:12     | Noticed a centaur warrior
 12887 | D:12     | Noticed a two-headed ogre
 12997 | D:12     | Noticed a cyan ugly thing
 13003 | D:13     | Killed a centaur warrior
 13009 | D:13     | Killed a two-headed ogre
 13192 | D:13     | Killed a cyan ugly thing
 13299 | D:12     | Noticed a seven-headed hydra
 13301 | D:12     | Noticed a two-headed ogre
 13314 | D:12     | Killed a two-headed ogre
 13315 | D:12     | Reached XP level 12. HP: 61/106 MP: 12/12
 13315 | D:12     | Killed a two-headed hydra
 13315 | D:12     | Reached ****** piety under Okawaru
 13398 | D:12     | Noticed a death knight
 13419 | D:12     | Noticed a two-headed ogre
 13582 | D:13     | Killed a two-headed ogre
 13583 | D:13     | Reached skill level 10 in Fighting
 13898 | D:13     | Killed a death knight
 14362 | D:11     | Noticed a four-headed hydra
 14367 | D:11     | Killed a three-headed hydra
 14368 | D:11     | Reached skill level 15 in Long Blades
 14475 | D:11     | Noticed a four-headed hydra
 14480 | D:11     | Killed a one-headed hydra
 14481 | D:11     | Reached skill level 10 in Shields
 14525 | D:11     | Identified the +0 ring mail "Xeziyna" {+Inv Dex+3}
 14940 | Lair:1   | Entered Level 1 of the Lair of Beasts
 14943 | Lair:1   | Received a gift from Okawaru
 15663 | Lair:1   | Received a gift from Okawaru
 15664 | Lair:1   | Reached XP level 13. HP: 112/117 MP: 14/14
 16156 | Lair:2   | You are sucked into a shaft and drop 2 floors!
 16345 | Lair:4   | Received a gift from Okawaru
 16448 | Lair:4   | Reached skill level 16 in Long Blades
 17066 | Lair:3   | Received a gift from Okawaru
 17099 | Lair:3   | Found a hole to the Spider Nest.
 17154 | Lair:3   | Found a staircase to the Swamp.
 18741 | Lair:2   | Noticed Erica
 18750 | Lair:2   | Killed Erica
 19193 | D:13     | Noticed a stone giant
 19292 | D:13     | Killed a stone giant
 19400 | D:13     | Identified the amulet "Teargh" {Acrobat Rampage rElec}
 19521 | D:13     | Reached XP level 14. HP: 97/129 MP: 15/15
 19558 | D:13     | Received a gift from Okawaru
 19558 | D:13     | Found the +18 Lear's hauberk
 19716 | D:13     | Identified the +9 hand crossbow "Ywioluph" {venom, rElec
                  | rPois Str+8 Int-3}
 19762 | D:13     | Found a gate to the Vaults.
 20337 | D:13     | Reached skill level 17 in Long Blades
 21482 | Orc:1    | Entered Level 1 of the Orcish Mines
 21482 | Orc:1    | Found a radiant altar of Vehumet.
 21733 | Orc:1    | Noticed an orc warlord
 21762 | Orc:1    | Found a transporter.
 21782 | Orc:1    | Found a transporter.
 21799 | Orc:1    | Noticed Ifrygg's ghost (journeyman DsMo)
 21800 | Orc:1    | Found a bloodstained altar of Trog.
 21899 | Orc:2    | Entered Level 2 of the Orcish Mines
 21902 | Orc:2    | Found a staircase to the Elven Halls.
 22120 | Orc:2    | Found Wabb's General Store.
 22153 | Orc:2    | Received a gift from Okawaru
 22224 | Orc:2    | Found Sutae's Magic Scroll Shoppe.
 22332 | Orc:2    | Bought a scroll of identify for 28 gold pieces
 22332 | Orc:2    | Bought a scroll of identify for 28 gold pieces
 22332 | Orc:2    | Bought a scroll of identify for 28 gold pieces
 22638 | Orc:2    | Received a gift from Okawaru
 22702 | Orc:2    | Found Kangayc's Antique Armour Boutique.
 22702 | Orc:2    | Found Tetz's Jewellery Shop.
 22703 | Orc:2    | Found a one-way gate leading to the halls of Pandemonium.
 22713 | Orc:2    | Bought the amulet of the Four Winds {rN+ Will+++ Clar} for
                  | 614 gold pieces
 22713 | Orc:2    | Found the amulet of the Four Winds {rN+ Will+++ Clar}
 22922 | Orc:2    | Reached skill level 15 in Fighting
 23155 | Orc:2    | Found Syidio's Antique Weapon Boutique.
 23509 | Orc:1    | Identified the +5 scale mail of Complete Protection {MP+9}
                  | (Okawaru gifted it to you on level 1 of the Orcish Mines)
 23509 | Orc:1    | Received a gift from Okawaru
 23713 | Orc:1    | Killed an orc warlord
 23714 | Orc:1    | Reached XP level 15. HP: 119/141 MP: 7/16
 23852 | Orc:1    | Killed Ifrygg's ghost
 23977 | Orc:1    | Identified the -5 hat of Irghi {rN++ rCorr Dex+4}
 24306 | D:14     | Reached skill level 15 in Armour
 24708 | D:14     | Found a broken altar of Ashenzari.
 25117 | D:14     | Got the Volume of Damaging Black Magic
 25243 | D:15     | Entered Level 15 of the Dungeon
 25331 | D:15     | Reached skill level 18 in Long Blades
 25491 | D:15     | Noticed Louise
 25529 | D:15     | Cast into level 2 of the Abyss (Louise)
 25559 | Abyss:2  | Paralysed by accursed screaming for 1 turns
 25562 | Abyss:2  | Paralysed by accursed screaming for 1 turns
 25566 | Abyss:2  | Paralysed by accursed screaming for 2 turns
 25569 | Abyss:2  | HP: 6/141 [starcursed mass/accursed screaming (16)]
 25577 | Abyss:2  | Found a corrupted altar of Lugonu.
 25815 | Abyss:2  | HP: 1/141 [hell knight/+5 great sword (23)]
 25832 | Abyss:2  | Noticed a tentacled starspawn
 25839 | Abyss:2  | Killed a tentacled starspawn
 25863 | Abyss:2  | Killed from afar by a raiju

Illustrated notes

Levels and vault maps discovered:
D:1:      roderic_crop_circles_arrival_small, layout_loops_ring
D:2:      layout_basic
D:3:      layout_basic
D:4:      minmay_door_path, layout_cave_pools, serial_shops,
          nicolae_stop_n_shop_2, uniq_grinder
D:5:      layout_basic, minmay_temple_entry_large_hall, serial_undead,
          serial_undead_d, serial_undead_f, serial_undead_b, serial_undead_d,
          serial_undead_c, serial_undead_f, palyth_stone_intersect
D:6:      layout_basic, kennysheep_little_box, serial_shops,
          nicolae_shop_statue_plus, patterned_corridor
D:7:      gammafunk_cloud_chamber, layout_loops_ring, hangedman_decor_push,
          uniq_pikel
D:8:      layout_loops_corners
D:9:      layout_loops_ring, enter_bailey_3
D:10:     layout_grid_maze, serial_glass, glass_columns_b, glass_columns_a,
          glass_columns_a, glass_columns_a
D:11:     layout_roguey, erik_lair_dragon, zombieorc1_lemuel,
          nrook_guardian_serpent_double
D:12:     layout_big_octagon
D:13:     layout_loops_ring, grunt_vaults_entry_fortified, kennysheep_four_rooms
D:14:     layout_long_grid, evilmike_ruin_ashenzari
D:15:     hangedman_depths_entry_try_elsewhere_first, layout_small_grid,
          serial_bayou, serial_bayou_lagoon_a, serial_bayou_pond_a,
          serial_bayou_pond_e, serial_bayou_crossing, serial_bayou_lagoon_b,
          uniq_louise
Temple:   mainiacjoe_temple_trianglar_array
Lair:1:   dpeg_oklob_gauntlet, layout_loops_ring, minmay_lair_oklob_items,
          hangedman_lair_generics_rect
Lair:2:   layout_cave_pods, beast_lair_carwin_3, grunt_megastairs_2, uniq_erica
Lair:3:   layout_cave_pods, swamp_mist, spider_nest_entry_webs
Lair:4:   layout_long_grid, kennysheep_rathole
Orc:1:    layout_caves, gammafunk_ghost_wrathful_warriors, basic_altar
Orc:2:    pf_orc_diabolical, layout_caves, serial_shops, nicolae_lakefront_shop
Abyss:2:  base:
D:9

Skill      XL: |  1  2  3  4  5  6  7  8  9 10 11 12 13 14 15 |
---------------+----------------------------------------------+-----
Armour         | 4 5 6 9 10 11 12 13 14 15 | 15.1
Shields        | 4 5 6 7 8 10 11 13 14 | 14.1
Dodging        | 1 2 4 5 6 8 9 |  9.6
Fighting       | 4 5 6 7 8 9 11 13 15 | 15.5
Long Blades    | 3 4 5 7 9 11 13 14 15 16 17 18 | 18.1
Stealth        | 1 2 3 |  3.4
Invocations    | 1 2 3 |  3.3
Evocations     | |  0.3

Action                   |  1- 3 |  4- 6 |  7- 9 | 10-12 | 13-15 || total
-------------------------+-------+-------+-------+-------+-------++-------
Melee: Long sword        |    57 |   116 |   429 |   219 |       ||   821
       Headbutt          |     5 |    21 |    63 |   150 |   323 ||   562
       Falchion          |       |       |       |   432 |  1280 ||  1712
Invok: Heroism           |       |       |     3 |    17 |    21 ||    41
Evoke: Wand              |       |       |       |       |     6 ||     6
  Use: Scroll            |     5 |       |     2 |     2 |    18 ||    27
       Potion            |       |       |     2 |     1 |     8 ||    11
Armor: Scale mail        |    20 |    25 |       |       |       ||    45
       Chain mail        |       |    32 |   185 |     2 |       ||   219
       Pearl dragon scal |       |       |       |   326 |   386 ||   712
Dodge: Dodged            |    30 |    47 |   186 |   298 |   429 ||   990
Block: Buckler           |    12 |    28 |    98 |   177 |    97 ||   412
       Kite shield       |       |       |       |       |   422 ||   422
